AoeStats
← Ancrypto

MegaRandom

510083249Analyzed
2v2 RM · 3d ago on Sep 29, 2026· 39m 48s· 4 players
Game mode
Random Map
Map size
Medium (4 player)
Population
200
Speed
Normal
Resources
Standard
Victory
Conquest
Starting age
Dark Age
Ending age
Imperial Age
RankedLock teamsTeams togetherTeam positionsShared explorationLock speedFull tech treeHidden civsTurbo modeCheats
Victory
Defeat
🇪🇸 Sicilians · Spain
910
+34
🇮🇳 Bohemians · India
835
+18
🇳🇱 Portuguese · Netherlands
865
-40
🇳🇱 Spanish · Netherlands
865
-40
Licrovan
12:42 Feudal Age
13:59 Horse Collar
14:07 Double-Bit Axe
22:31 Castle Age
21:03 Forging
20:59 Scale Barding Armor
20:54 Padded Archer Armor
20:55 Scale Mail Armor
23:22 Pikeman
Ancrypto
10:58 Feudal Age
10:44 Loom
13:33 Man-at-Arms
19:26 Castle Age
19:48 Castle Age
20:36 Scale Mail Armor
20:43 Scale Barding Armor
20:52 Bloodlines
30:44 Elite Skirmisher
38:16 Inquisition
devil
2:41 Loom
6:31 Loom
10:22 Feudal Age
16:09 Castle Age
14:22 Double-Bit Axe
15:18 Horse Collar
17:45 Wheelbarrow
20:14 Chemistry
19:30 Light Cavalry
22:16 Wheelbarrow
21:26 Town Watch
23:01 Wheelbarrow
23:22 Wheelbarrow
22:47 Town Patrol
24:02 Town Patrol
31:53 Imperial Age
30:42 Bow Saw
30:26 Elite Skirmisher
31:59 Forging
31:40 Fletching
31:51 Padded Archer Armor
31:57 Scale Barding Armor
32:28 Ballistics
34:19 Wagenburg Tactics
33:42 Cavalier
36:15 Iron Casting
39:01 Bodkin Arrow
39:22 Leather Archer Armor
sandinlastraoscar
6:44 Feudal Age
8:07 Wheelbarrow
8:50 Double-Bit Axe
14:42 Horse Collar
19:13 Castle Age
17:42 Gold Mining
18:41 Scale Mail Armor
22:42 Forging
31:12 Imperial Age
29:20 Iron Casting
29:19 Pikeman
32:02 Heavy Plow
35:30 Blast Furnace
34:46 Chain Mail Armor
35:50 Gambesons
37:14 Arson
Connection lost

Rejoining the realm…

Still unreachable

The connection could not be restored.

Session expired

The server has moved on; the page needs a fresh start.